 Dungeon Crawl Stone Soup version 0.25.1-2-g60ff931df9 (webtiles) character file.

Game seed: 17705862147894773587

49 DildoBatman the Magician (level 4, -2/30 HPs)
             Began as a Formicid Wizard on Oct 15, 2020.
             Slain by an iguana (4 damage)
             ... on level 4 of the Dungeon.
             The game lasted 00:03:45 (1666 turns).

DildoBatman the Magician (Formicid Wizard)          Turns: 1666, Time: 00:03:45

Health: -2/30      AC:  4    Str: 12    XL:     4   Next: 1%
Magic:  7/8        EV: 12    Int: 18    God:
Gold:   68         SH:  0    Dex:  9    Spells: 2/9 levels left

rFire    . . .     SeeInvis +   a - +2 dagger (holy)
rCold    . . .     Gourm    .   (no shield)
rNeg     . . .     Faith    .   q - +0 robe
rPois    .         Spirit   .   (helmet unavailable)
rElec    .         Reflect  .   (no cloak)
rCorr    .         Harm     .   s - +0 pair of gloves
MR       .....                  n - +0 pair of boots
Stlth    ++........             (no amulet)
HPRegen  0.10/turn              (no ring)
MPRegen  0.11/turn              (no ring)

@: no status effects
A: permanent stasis, dig shafts and tunnels, four strong arms, antennae 3
a: Dig, Shaft Self


You were on level 4 of the Dungeon.
You were hungry.

You visited 1 branch of the dungeon, and saw 3 of its levels.

You collected 68 gold pieces.

Inventory:

Hand Weapons
 a - a +2 dagger of holy wrath (weapon)
 f - a +0 dagger
 i - a +0 club
 m - a +0 short sword
Missiles
 c - 91 stones (quivered)
 e - 16 bolts
 k - 17 arrows
Armour
 n - a +0 pair of boots (worn)
 q - a +0 robe (worn)
 s - a +0 pair of gloves (worn)
Scrolls
 b - a scroll of noise {unknown}
 l - a scroll of blinking {unknown}
 o - a scroll of teleportation {unknown}
 r - a scroll of fear {unknown}
Potions
 d - a potion of curing {unknown}
 g - a potion of brilliance {unknown}
 h - a potion of heal wounds {unknown}
 p - a potion of flight {unknown}
Comestibles
 j - a chunk of flesh
 v - a ration


   Skills:
 - Level 1.7 Dodging
 - Level 2.4 Stealth
 - Level 3.2 Spellcasting
 * Level 3.2 Conjurations
   Level 1.0 Summonings
   Level 0.8 Translocations


You had 2 spell levels left.
You knew the following spells:

 Your Spells              Type           Power        Failure   Level  Hunger
a - Conjure Flame         Conj/Fire      #.......     24%         3    ###....
c - Magic Dart            Conj           ##..         4%          1    None
e - Mephitic Cloud        Conj/Pois/Air  #.......     30%         3    ###....

Your spell library contained the following spells:

 Spells                   Type           Power        Failure   Level  Hunger
 Call Imp                 Summ           #.......     16%         2    ##.....
 Slow                     Hex            #.......     24%         2    ##.....
 Blink                    Tloc           Unusable     N/A         2    N/A

Dungeon Overview and Level Annotations

Branches:
Dungeon (2/15)

Altars:

Shops:
D:4 (


Innate Abilities, Weirdness & Mutations

You cannot be hasted, slowed, berserked, paralysed or teleported.
You can dig through walls and to a lower floor.
Your four strong arms can wield two-handed weapons with a shield.
You have a pair of large antennae on your head. (SInv)


Message History

Anything else - Cancel.
You shout for attention!
The iguana bites you. What are your orders? t - Shout!
Orders for allies: a - Attack new target. r - Retreat! s - Stop attacking. g - Guard the area. f - Follow me.
Anything else - Cancel.
You shout for attention!
The iguana closely misses you. What are your orders? t - Shout!
Orders for allies: a - Attack new target. r - Retreat! s - Stop attacking. g - Guard the area. f - Follow me.
Anything else - Cancel.
You shout for attention!
The iguana bites you.
You die...

.... ...
... .. #.
.##.##.####
..........#
♣@..#
......l...#
#....♣∩♣..#
#... .. ..#
#.. ..♣ ...
#. ... ....
# ....
..### .....
..#


You could see an iguana.

Vanquished Creatures
  An adder (D:2)
  3 dart slugs (D:1)
  A ball python (D:1)
  3 goblins (D:1)
  4 hobgoblins (D:1)
  4 jackals (D:1)
  8 kobolds (D:1)
  4 bats (D:1)
  6 rats
34 creatures vanquished.

Notes
Turn   | Place    | Note
-------+----------+-------------------------------------------
     0 | D:1      | DildoBatman the Formicid Wizard began the quest for the
                  | Orb.
     0 | D:1      | Reached XP level 1. HP: 13/13 MP: 4/4
    10 | D:1      | Reached skill level 1 in Conjurations
   366 | D:1      | Reached XP level 2. HP: 19/19 MP: 0/6
   799 | D:1      | Reached XP level 3. HP: 24/24 MP: 0/7
   835 | D:1      | Learned a level 3 spell: Conjure Flame
   839 | D:1      | Learned a level 3 spell: Mephitic Cloud
  1628 | D:2      | Reached XP level 4. HP: 30/30 MP: 3/8
  1641 | D:2      | You fall into a shaft and drop 2 floors!
  1641 | D:4      | Found Qeuhyg's Weapon Boutique.
  1666 | D:4      | Slain by an iguana

Illustrated notes

Levels and vault maps discovered:
D:1:      dpeg_arrival_oval, layout_loops_ring, hangedman_decor_push
D:2:      layout_loops_corners, serial_bayou, serial_bayou_ford_a,
          serial_bayou_pond_a, serial_bayou_pond_a, serial_bayou_pond_e,
          first_ration, uniq_natasha
D:4:      layout_rooms, serial_shops, nicolae_shop_trees,
          minmay_misc_feat_plants, nicolae_qazlal_general_emergency

Skill      XL: |  1  2  3 |
---------------+----------+-----
Conjurations   | 1 2 3 |  3.2
Dodging        | |  1.7
Stealth        | |  2.4
Spellcasting   | |  3.2
Summonings     | |  1.0
Translocations | |  0.8

Action                   |  1- 3 |  4- 6 || total
-------------------------+-------+-------++-------
Melee: Club              |     1 |       ||     1
       Dagger            |    31 |       ||    31
       Short sword       |     4 |       ||     4
Throw: Stone             |    11 |       ||    11
 Cast: Magic Dart        |    60 |     1 ||    61
 Abil: Dig               |     1 |       ||     1
       Shaft Self        |       |     1 ||     1
 Stab: Sleeping          |     1 |       ||     1
  Eat: Chunk             |     2 |       ||     2
Armor: Robe              |    17 |     3 ||    20
Dodge: Dodged            |    24 |    11 ||    35
